 Dungeon Sprint DCSS version 0.30-a0-711-gf4ac18a38d (webtiles) character file.

Game seed: 14706456717236999205

292 rocky1 the Cleaver (level 8, -11/81 HPs)
             Began as a Minotaur Fighter on Jan 23, 2023.
             Was an Initiate of Gozag.
             Mangled by an alligator (13 damage)
             ... in the Dungeon (Sprint VI: "Thunderdome").
             The game lasted 00:05:57 (771 turns).

rocky1 the Cleaver (Minotaur Fighter)                Turns: 771, Time: 00:05:57

Health: -11/81     AC:  8    Str: 25    XL:     8   Next: 44%
Magic:  0/16       EV: 11    Int:  9    God:    Gozag
Gold:   5          SH:  6    Dex: 10    Spells: 7/7 levels left

rFire   + + .      SeeInvis .    o - +8 broad axe
rCold   + . .      Faith    .    c - +0 buckler
rNeg    + + .      Spirit   +    b - +0 scale mail
rPois   +          Reflect  .    (helmet restricted)
rElec   +          Harm     .    (no cloak)
rCorr   +          Rampage  .    (no gloves)
Will    .....      NoTele   +    (no boots)
Stlth   +                        a - amulet "Laxin" {Spirit Int+2 Stlth+}
HPRegen 0.33/turn                s - ring "Rowkinos" {Contam rF+ MP+9 Int+2 Slay+2}
MPRegen 0.15/turn                q - ring "Duyshaick" {Fly rN++ Str+2}

@: resistant, flying
A: horns 2, retaliatory headbutt
a: Renounce Religion, Potion Petition, Call Merchant, Bribe Branch


You were in the Dungeon.
You worshipped Gozag.
Gozag was noncommittal.
You visited 1 branch You collected 1878 gold pieces.
You spent 1873 gold pieces at shops.

Inventory:

Hand Weapons
 o - a +8 broad axe (weapon)
Armour
 b - a +0 scale mail (worn)
 c - a +0 buckler (worn)
Jewellery
 a - the amulet "Laxin" (around neck) {Spirit Int+2 Stlth+}
   (You bought it in a shop in the Dungeon)

   [amulet of guardian spirit]

   It causes incoming damage to be divided between your reserves of health and
   magic.
   Int:       It affects your intelligence (+2).
   Stlth:     It makes you more stealthy.
 q - the ring "Duyshaick" (right hand) {Fly rN++ Str+2}
   (You bought it in a shop in the Dungeon)

   [ring of flight]

   Str:       It affects your strength (+2).
   rN:        It greatly protects you from negative energy.
   Fly:       It grants you flight.
 r - the ring of Elyvilon's Inspiration {*Slow rC+ Will+++}
   (You bought it in a shop in the Dungeon)

   [ring of protection from cold]

   rC:        It protects you from cold.
   *Slow:     It may slow you when you take damage.
   Will:      It greatly increases your willpower.
 s - the ring "Rowkinos" (left hand) {Contam rF+ MP+9 Int+2 Slay+2}
   (You bought it in a shop in the Dungeon)

   [ring of magical power]

   Int:       It affects your intelligence (+2).
   Slay:      It affects your accuracy & damage with ranged weapons and melee
   (+2).
   rF:        It protects you from fire.
   MP:        It affects your magic capacity (+9).
   Contam:    It causes magical contamination when unequipped.
Wands
 l - a wand of light (4)
 m - a wand of iceblast (5)
Scrolls
 j - 4 scrolls of blinking
 n - 3 scrolls of fog
 t - a scroll of brand weapon
Potions
 d - 7 potions of might
 e - 5 potions of curing
 f - 7 potions of heal wounds
 g - 7 potions of haste
 h - 2 potions of magic
 i - a potion of berserk rage
 p - a potion of invisibility


   Skills:
 + Level 10.8 Fighting
 + Level 13.3 Axes
 + Level 10.9 Armour
 + Level 5.6 Dodging
 + Level 10.2 Shields
 - Level 0.4 Evocations


You had 7 spell levels left.
You didn't know any spells.
Your spell library was empty.

Dungeon Overview and Level Annotations

Branches:
Dungeon (1/1)

Altars:
Cheibriados
Dithmenos
Fedhas
Gozag
Kikubaaqudgha
Makhleb
Okawaru
Qazlal
Ru
Sif Muna
Trog
Uskayaw
Vehumet
Wu Jian
Xom
Yredelemnul
Zin
The Shining One
Lugonu

Shops:
D *[??*?*:[((!!!!


Innate Abilities, Weirdness & Mutations

You have a pair of horns on your head.
You reflexively headbutt those who attack you in melee.


Message History

You miss the witch.
The witch is severely wounded.
You slice the alligator!!
The witch casts a spell.
A five-headed hydra appears.
You block the alligator's attack.
The alligator tail-slaps you but does no damage.
You barely miss the witch. Your headbutt misses the witch.
The witch is severely wounded.
You slash the alligator!
You lop one of the five-headed hydra's heads off!
The four-headed hydra grows two more!
You hit the six-headed hydra. You block the alligator's attack.
The alligator tail-slaps you.
The witch casts a spell.
The witch blinks!
Unknown command.
The six-headed hydra attacks as you move away!
The six-headed hydra barely misses you.
The six-headed hydra closely misses you.
The six-headed hydra misses you. The six-headed hydra bites you!
* * * LOW HITPOINT WARNING * * *
The six-headed hydra closely misses you.
The six-headed hydra bites you!
* * * LOW HITPOINT WARNING * * *
The alligator barely misses you. The alligator tail-slaps you!
* * * LOW HITPOINT WARNING * * *
You feel much better.
The six-headed hydra closely misses you.
You furiously retaliate!
You headbutt the six-headed hydra. The six-headed hydra bites you.
* * * LOW HITPOINT WARNING * * *
The six-headed hydra bites you.
* * * LOW HITPOINT WARNING * * *
The six-headed hydra bites you.
* * * LOW HITPOINT WARNING * * *
The six-headed hydra bites you!
* * * LOW HITPOINT WARNING * * *
The six-headed hydra bites you but does no damage.
The alligator bites you!
You die...
Your body crumbles into a pile of gold.

####.8.........8.######
___......###......___∩##
.......8.# #.8........∩###
.........###.............##
......###...###..........⌠#
......# #.<.# #..........⌠#
......###...###..........⌠#
.........###...D.........##
.......8.# #.8.t@.....∩###
_._......###....p.___∩##
####.8.........8.######
#⌠...........§#
###.........### #........_#
#........_# #_......._#
#∩.......∩#


You could see an alligator (swift), a six-headed hydra (summoned) and a witch.

Vanquished Creatures
  A shining eye (D)
  A hornet (D)
  A spriggan (D)
  A water moccasin (D)
  A floating eye (D)
  6 killer bees (D)
  4 jellies (D)
  2 orc wizards (D)
  2 adders (D)
  3 orcs (D)
  An endoplasm (D)
  2 ball pythons (D)
25 creatures vanquished.

Notes
Turn   | Place    | Note
-------+----------+-------------------------------------------
     0 | D        | rocky1 the Minotaur Fighter began the quest for the Orb.
     0 | D        | Reached XP level 1. HP: 19/19 MP: 0/0
     4 | D        | Found a shadowy altar of Dithmenos.
     4 | D        | Found an ancient bone altar of Kikubaaqudgha.
     5 | D        | Found a corrupted altar of Lugonu.
     5 | D        | Found a basalt altar of Yredelemnul.
     5 | D        | Round 1.
     6 | D        | Found a burning altar of Makhleb.
     7 | D        | Found a radiant altar of Vehumet.
     7 | D        | Found a blossoming altar of Fedhas.
     8 | D        | Found Tygis's Weapon Rack.
     8 | D        | Found Atucoiry's Premium Goods.
    10 | D        | Found Muray's Do-It-Yourself Clinic.
    11 | D        | Found Buugun's Bottled Wisdom.
    11 | D        | Found Olleoj's Distillery.
    11 | D        | Found an opulent altar of Gozag.
    11 | D        | Found a snail-covered altar of Cheibriados.
    11 | D        | Found Zusepsep's Distillery.
    15 | D        | Found a shimmering blue altar of Sif Muna.
    16 | D        | Found an iron altar of Okawaru.
    19 | D        | Became a worshipper of Gozag Ym Sagoz the Greedy
    25 | D        | Reached skill level 3 in Axes
    25 | D        | Reached XP level 2. HP: 23/28 MP: 1/1
    32 | D        | Found Hithy's Staff Store.
    33 | D        | Found a bloodstained altar of Trog.
    33 | D        | Found a glowing golden altar of the Shining One.
    33 | D        | Found a stormy altar of Qazlal.
    33 | D        | Found Ehue's Magic Scroll Shop.
    35 | D        | Found Maawnax's Must-Have Magic.
    35 | D        | Found Givvogg's Magic Scroll Shop.
    39 | D        | Found a glowing silver altar of Zin.
    40 | D        | Found a hide-covered altar of Uskayaw.
    41 | D        | Found a shimmering altar of Xom.
    45 | D        | Found an ornate altar of the Wu Jian Council.
    45 | D        | Found a sacrificial altar of Ru.
    45 | D        | Found Unguinacw's Identification Station.
    47 | D        | Found Fiorr's Jewellery.
    47 | D        | Found Vuhoradd's Advanced Armour.
    57 | D        | Found Hoteod's Miscellaneous Merchandise.
    57 | D        | Found Fujur's Basic Armour.
   123 | D        | Reached skill level 5 in Armour
   123 | D        | Reached skill level 5 in Shields
   164 | D        | Noticed a water moccasin
   170 | D        | Killed a water moccasin
   170 | D        | Arena points: 12 (+12) [x2]
   171 | D        | Reached skill level 5 in Axes
   171 | D        | Reached skill level 1 in Dodging
   171 | D        | Reached XP level 3. HP: 38/38 MP: 2/2
   171 | D        | Reached XP level 4. HP: 45/45 MP: 3/3
   191 | D        | Bought a +0 broad axe for 120 gold pieces
   194 | D        | Round 2.
   320 | D        | Reached XP level 5. HP: 52/52 MP: 4/4
   339 | D        | Arena points: 48 (+36) [x3]
   356 | D        | Bought 8 scrolls of enchant weapon for 600 gold pieces
   397 | D        | Round 3.
   404 | D        | Reached skill level 6 in Axes
   430 | D        | Bought 4 potions of curing for 84 gold pieces
   430 | D        | Bought 3 potions of heal wounds for 105 gold pieces
   435 | D        | Reached skill level 7 in Axes
   435 | D        | Reached XP level 6. HP: 40/61 MP: 5/5
   453 | D        | Reached skill level 8 in Axes
   485 | D        | Arena points: 132 (+84) [x4]
   503 | D        | Bought a sparkling pewter amulet for 45 gold pieces
   503 | D        | Identified the amulet "Laxin" {Spirit Int+2 Stlth+} (You
                  | bought it in a shop in the Dungeon)
   503 | D        | Bought a scorched bronze amulet for 45 gold pieces
   503 | D        | Identified the amulet of Sif Muna's Respect {Spirit rC-
                  | Will+ SInv} (You bought it in a shop in the Dungeon)
   503 | D        | Bought a pitted turquoise ring for 45 gold pieces
   503 | D        | Identified the ring "Duyshaick" {Fly rN++ Str+2} (You
                  | bought it in a shop in the Dungeon)
   503 | D        | Bought a shimmering copper ring for 45 gold pieces
   503 | D        | Identified the ring of Elyvilon's Inspiration {*Slow rC+
                  | Will+++} (You bought it in a shop in the Dungeon)
   503 | D        | Bought a scorched iron ring for 45 gold pieces
   503 | D        | Identified the ring "Rowkinos" {Contam rF+ MP+9 Int+2
                  | Slay+2} (You bought it in a shop in the Dungeon)
   555 | D        | Round 4.
   565 | D        | Reached skill level 9 in Axes
   580 | D        | Reached XP level 7. HP: 69/70 MP: 6/6
   598 | D        | Paralysed by a floating eye for 4 turns
   604 | D        | Reached skill level 10 in Axes
   637 | D        | Noticed a shining eye
   642 | D        | Killed a shining eye
   642 | D        | Arena points: 292 (+160) [x5]
   643 | D        | Reached skill level 10 in Fighting
   643 | D        | Reached skill level 12 in Axes
   643 | D        | Reached skill level 10 in Armour
   643 | D        | Reached skill level 5 in Dodging
   643 | D        | Reached skill level 10 in Shields
   643 | D        | Reached XP level 8. HP: 79/79 MP: 7/7
   684 | D        | Bought 3 potions of heal wounds for 105 gold pieces
   684 | D        | Bought 3 potions of heal wounds for 105 gold pieces
   692 | D        | Bought a potion of invisibility for 56 gold pieces
   692 | D        | Bought 6 potions of might for 168 gold pieces
   692 | D        | Bought 3 potions of haste for 210 gold pieces
   718 | D        | Bought a scroll of brand weapon for 95 gold pieces
   722 | D        | Round 5.
   742 | D        | Noticed a spriggan rider
   754 | D        | Noticed a witch
   757 | D        | Killed a hornet
   758 | D        | Reached skill level 13 in Axes
   764 | D        | Noticed an alligator
   769 | D        | Noticed a five-headed hydra
   770 | D        | HP: 4/81 [alligator (9)]
   771 | D        | Mangled by an alligator

Illustrated notes

Levels and vault maps discovered:
D:        arena_sprint

Skill      XL: |  1  2  3  4  5  6  7  8 |
---------------+-------------------------+-----
Fighting       | 4 6 7 8 9 10 | 10.8
Axes           | 3 5 7 9 12 13 | 13.3
Armour         | 4 7 8 9 10 | 10.9
Shields        | 4 7 8 9 10 | 10.2
Dodging        | 1 2 4 5 |  5.6
Evocations     | |  0.4

Action                     |  1- 3 |  4- 6 |  7- 9 || total
---------------------------+-------+-------+-------++-------
  Melee: War axe           |    17 |       |       ||    17
         Headbutt          |     3 |     4 |     6 ||    13
         Broad axe         |       |    37 |    29 ||    66
  Evoke: Wand              |     1 |       |       ||     1
    Use: Scroll            |       |     8 |       ||     8
         Potion            |       |     3 |     4 ||     7
 Armour: Scale mail        |     8 |    20 |     9 ||    37
  Dodge: Dodged            |    18 |    20 |    14 ||    52
  Block: Buckler           |     6 |    14 |     4 ||    24

Table legend: (Time is in decaauts)
 A = Elapsed time spent in this place.
 B = Non-inter-level travel time spent in this place.
 C = Inter-level travel time spent in this place.
 D = Time resting spent in this place.
 E = Time spent auto-exploring this place.
 F = Levels seen in this place.
 G = Mean time per level.
                   A        B        C        D        E       F      G
               +--------+--------+--------+--------+--------+-----+--------+
         Total |    790 |    790 |      0 |    242 |      0 |   1 |  790.0 |
       Dungeon |    790 |    790 |      0 |    242 |      0 |   1 |  790.0 |
               +--------+--------+--------+--------+--------+-----+--------+

Top non-repeatable levels by time:
       D: 790 daAuts
